 Dungeon Crawl Stone Soup version 0.29.0-13-gc9e81de378 (webtiles) character file.

Game seed: 16831271902892095222

27 Angani the Ducker (level 2, 0/18 HPs)
             Began as a Deep Elf Abyssal Knight on Sept 7, 2022.
             Was a Believer of Lugonu.
             Slain by a gnoll
             ... wielding a +0 club
              (4 damage)
             ... on level 1 of the Dungeon.
             The game lasted 00:01:25 (726 turns).

Angani the Ducker (Deep Elf Abyssal Knight)          Turns: 726, Time: 00:01:25

Health: 0/18       AC:  3    Str: 10    XL:     2   Next: 93%
Magic:  5/6        EV: 12    Int: 14    God:    Lugonu [**....]
Gold:   10         SH:  0    Dex: 15    Spells: 1/1 levels left

rFire   . . .      SeeInvis .   a - +2 short sword
rCold   . . .      Faith    .   (no shield)
rNeg    . . .      Spirit   .   b - +0 leather armour
rPois   .          Reflect  .   (no helmet)
rElec   .          Harm     .   (no cloak)
rCorr   .          Rampage  .   (no gloves)
Will    .....                   (no boots)
Stlth   +.........              (no amulet)
HPRegen 0.06/turn               (no ring)
MPRegen 0.10/turn               (no ring)

@: no status effects
A: no striking features
a: Renounce Religion, Depart the Abyss, Bend Space


You were on level 1 of the Dungeon.
You worshipped Lugonu.
Lugonu was pleased with you.
You visited 1 branch of the dungeon, and saw 1 of its levels.
You visited the Abyss 1 time.

You collected 10 gold pieces.

Inventory:

Hand Weapons
 a - a +2 short sword (weapon)
 c - a +2 dagger of holy wrath
Armour
 b - a +0 leather armour (worn)


   Skills:
 - Level 2.4 Fighting
 + Level 2.5 Short Blades
 - Level 0.7 Armour
 + Level 3.1 Dodging
 + Level 2.6 Invocations


You had one spell level left.
You didn't know any spells.
Your spell library was empty.

Dungeon Overview and Level Annotations

Branches:
Dungeon (1/15)

Altars:


Message History

The goblin is heavily wounded.
The rat bites you but does no damage. The goblin hits you but does no damage.
You closely miss the goblin.
The goblin is heavily wounded.
The rat bites you. The goblin barely misses you.
You hit the goblin.
You kill the goblin!
Lugonu accepts your kill. The rat closely misses you.
You barely miss the rat. The rat closely misses you.
A gnoll comes into view. It is wielding a +0 club.
Unknown command.
The hobgoblin attacks as you move away! The hobgoblin hits you.
You are too injured to fight recklessly!
You are too injured to fight recklessly!
You are too injured to fight recklessly!
You hit the hobgoblin but do no damage. The hobgoblin hits you.
You barely miss the hobgoblin. The hobgoblin closely misses you.
You hit the hobgoblin but do no damage. The hobgoblin barely misses you.
You hit the hobgoblin but do no damage. The hobgoblin misses you.
You hit the hobgoblin.
You kill the hobgoblin!
Lugonu accepts your kill.
You hit the rat.
You kill the rat!
Lugonu accepts your kill.
You aren't carrying any potions.
Unknown command.
You aren't carrying any scrolls.
Unknown command.
You barely miss the gnoll. The gnoll closely misses you.
You closely miss the gnoll. The gnoll hits you but does no damage.
You hit the gnoll.
The gnoll is moderately wounded.
The gnoll hits you with a +0 club.
* * * LOW HITPOINT WARNING * * *
You barely miss the gnoll.
The gnoll is moderately wounded.
The gnoll hits you with a +0 club.
You die...

##############
#..@g........#
##.####.#........
..>.....#.###.###
#.#.#..#r#.# # #
#.....)#.#
#...#..#.#
#.........
#...#g.#.#
#.#.#...


You could see a gnoll.

Vanquished Creatures
  2 ball pythons (D:1)
  2 bats (D:1)
  An endoplasm (D:1)
  3 giant cockroaches (D:1)
  3 goblins (D:1)
  5 hobgoblins (D:1)
  A quokka (D:1)
  A frilled lizard (D:1)
  A kobold (D:1)
  4 rats (D:1)
23 creatures vanquished.

Notes
Turn   | Place    | Note
-------+----------+-------------------------------------------
     0 | Abyss:1  | Angani the Deep Elf Abyssal Knight began the quest for the
                  | Orb.
     0 | Abyss:1  | Reached XP level 1. HP: 13/13 MP: 4/4
     0 | Abyss:1  | Found a corrupted altar of Lugonu.
    17 | D:1      | Escaped the Abyss
   308 | D:1      | Reached XP level 2. HP: 18/18 MP: 5/5
   417 | D:1      | Reached skill level 3 in Dodging
   726 | D:1      | Slain by a gnoll

Illustrated notes

Levels and vault maps discovered:
D:1:      dpeg_arrival_boxes_within_box, layout_basic

Skill      XL: |  1  2 |
---------------+-------+-----
Dodging        | 3 |  3.1
Fighting       | |  2.4
Short Blades   | |  2.5
Armour         | |  0.7
Invocations    | |  2.6

Action                   || total
-------------------------++-------
Melee: Short sword       ||    65
  Use: Potion            ||     3
       Scroll            ||     3
Armor: Leather armour    ||    11
Dodge: Dodged            ||    40
